 Dungeon Crawl Stone Soup version 0.31-a0-441-g867994ef1c (webtiles) character file.

Game seed: 14982176536144231050

383 oldmanjim the Ruffian (level 6, 0/49 HPs)
             Began as a Barachi Shapeshifter on Aug 2, 2023.
             Was a Priest of Makhleb.
             Slain by an orc wizard
             ... wielding a +0 dagger
              (3 damage)
             ... on level 4 of the Dungeon.
             The game lasted 00:20:58 (3177 turns).

oldmanjim the Ruffian (Barachi Shapeshifter)        Turns: 3177, Time: 00:20:59

Health: 0/49       AC: -9    Str: 19    XL:     6   Next: 76%
Magic:  6/6        EV: 12    Int:  8    God:    Makhleb [***...]
Gold:   267        SH:  0    Dex: 12    Spells: 5/5 levels left

rFire   . .          .
                       - Unarmed
rCold   . . .        (no shield)
rNeg    . . .        j - +1 robe {Will+}
rPois   .            (helmet currently unavailable)
rElec   .            (cloak currently unavailable)
rCorr   .            (gloves currently unavailable)
SInv    .            (boots currently unavailable)
Will    +....        (no amulet)
Stlth   +            (no ring)
HPRegen 0.28/turn    (no ring)
MPRegen 0.10/turn

%: no passive effects
@: beast-form, corroded, slow
A: beast (slay +3), amphibious, slowness 1, strong legs 1, +LOS
a: Hop, Begin Untransformation, Renounce Religion, Minor Destruction, Lesser
Servant of Makhleb


You were on level 4 of the Dungeon.
You worshipped Makhleb.
Makhleb was most pleased with you.
You were a hulking beast.
You visited 1 branch of the dungeon, and saw 4 of its levels.
You also visited: Sewer.

You collected 267 gold pieces.

Inventory:

Missiles
 d - 62 stones
 t - 3 boomerangs
 A - 6 poisoned darts
 B - 6 curare-tipped darts
Armour
 j - a +1 robe of willpower (worn)
 n - a +2 helmet
Magical Staves
 r - a staff of poison
Jewellery
 m - a ring of poison resistance
Talismans
 c - a beast talisman (active)
Wands
 q - a wand of charming (5)
 s - a wand of mindburst (10)
Scrolls
 f - 2 scrolls of immolation {unknown}
 g - a scroll of fear {unknown}
 i - 3 scrolls of teleportation
 l - a scroll of enchant armour {unknown}
 o - a scroll of fog {unknown}
 p - 2 scrolls of amnesia
 u - 2 scrolls of revelation {unknown}
 v - a scroll of enchant weapon
 w - 3 scrolls of noise
 y - 2 scrolls of blinking
Potions
 a - a potion of berserk rage {unknown}
 b - a potion of lignification
 e - a potion of haste {unknown}
 h - 2 potions of heal wounds
 k - a potion of curing {unknown}
 x - 5 potions of enlightenment
 z - a potion of mutation


   Skills:
 + Level 4.5 Fighting
 - Level 3.0 Dodging
 + Level 5.1 Unarmed Combat
 + Level 0.3 Invocations
 + Level 4.7 Shapeshifting


You had 5 spell levels left.
You didn't know any spells.
Your spell library contained the following spells:

 Spells                   Type           Power      Damage    Failure   Level
 Cigotuvi's Dreadful Rot  Necr/Pois/Air  0%         N/A       54%         2
 Ignite Poison            Fire/Tmut/Pois 0%         N/A       78%         3
 Dispel Undead            Necr           0%         3d6       99%         4
 Freezing Cloud           Conj/Ice/Air   0%         6-21      100%        5
 Death Channel            Necr           0%         N/A       100%        6


Dungeon Overview and Level Annotations

Branches:
Dungeon (4/15)              Sewer (visited)
 Temple: D:4-7

Altars:
Makhleb
Trog

Shops:
D:4 ([


Innate Abilities, Weirdness & Mutations

You are a hulking beast.
Your limbs bulge with bestial killing power. (Slay +3)
You are amphibious.
You cover ground slowly.
You can hop short distances.
You have an extended range of vision and can be seen from far away.


Message History

You kill the goblin!
Makhleb accepts your kill.
You feel better. The hobgoblin hits you.
* * * LOW HITPOINT WARNING * * *
You barely miss the hobgoblin. The hobgoblin attacks as you move away!
The hobgoblin closely misses you. x2
The hobgoblin attacks as you move away! The hobgoblin hits you.
* * * LOW HITPOINT WARNING * * *
You closely miss the hobgoblin. The hobgoblin closely misses you.
You hit the hobgoblin.
The hobgoblin is heavily wounded.
The hobgoblin closely misses you.
You hit the hobgoblin but do no damage.
The hobgoblin is moderately wounded.
The hobgoblin barely misses you.
An iguana comes into view.
You hit the hobgoblin but do no damage.
The hobgoblin is moderately wounded.
You hit the hobgoblin.
You kill the hobgoblin!
Makhleb accepts your kill.
You feel better.
The orc wizard attacks as you move away!
The orc wizard closely misses you.
The orc wizard casts a spell.
The orc wizard flickers and vanishes!
Something hits you.
* * * LOW HITPOINT WARNING * * *
You hear some strange, mumbled words.
Something tries to affect you, but you resist.
The iguana hisses menacingly.
Something completely misses you. Something hits you.
* * * LOW HITPOINT WARNING * * *
Something hits you.
* * * LOW HITPOINT WARNING * * *
A magic dart appears from out of thin air!
The magic dart hits something.
Something barely misses you. Something hits you.
You die...

###########......l....#
#....).∩...#.##.#.#...#
#..#######.#.##o#W#####
#.8 #....#..{..# ..
##....###.#.......
.#####.......#W########
...............#
#####.......###
###h..#.# ####...#.#
.........########
#####...........#
###########.# #.# #.
##.## ##.# #†..# ....
#...#


You could see a phantom.

Vanquished Creatures
  Sigmund (D:3)
  A jelly (D:4)
  8 adders
  2 river rats
  7 worms
  2 orcs (D:3)
  12 bats
  5 endoplasms
  5 giant cockroaches
  6 goblins
  6 hobgoblins
  2 jackals (Sewer)
  11 kobolds
  2 quokkas (D:3)
  8 ball pythons
  3 frilled lizards
  4 rats
85 creatures vanquished.

Vanquished Creatures (collateral kills)
  A river rat (Sewer)
1 creature vanquished.

Vanquished Creatures (others)
  A river rat (Sewer)
1 creature vanquished.

Grand Total: 87 creatures vanquished

Notes
Turn   | Place    | Note
-------+----------+-------------------------------------------
     0 | D:1      | oldmanjim the Barachi Shapeshifter began the quest for the
                  | Orb.
     0 | D:1      | Reached XP level 1. HP: 15/15 MP: 1/1
    77 | D:1      | Reached XP level 2. HP: 21/21 MP: 2/2
   191 | D:1      | Found a faded altar of an unknown god.
   199 | D:1      | Prayed at the altar of an unknown god.
   199 | D:1      | Became a worshipper of Makhleb the Destroyer
   199 | D:1      | Reached * piety under Makhleb
   493 | D:1      | Reached XP level 3. HP: 27/27 MP: 3/3
   955 | D:2      | Reached ** piety under Makhleb
  1580 | D:3      | Found a bloodstained altar of Trog.
  1608 | D:3      | Noticed Sigmund
  1610 | D:3      | Killed Sigmund
  1611 | D:3      | Reached skill level 4 in Unarmed Combat
  1611 | D:3      | Reached XP level 4. HP: 37/37 MP: 4/4
  1611 | D:3      | Reached XP level 5. HP: 42/42 MP: 5/5
  1721 | D:3      | Reached XP level 6. HP: 29/48 MP: 6/6
  1748 | D:3      | Found a glowing drain.
  1802 | Sewer    | Entered a sewer
  2176 | Sewer    | HP: 1/48 [river rat (4)]
  2181 | Sewer    | Reached skill level 5 in Unarmed Combat
  3016 | D:4      | Found Dotiepp's Antique Weapon Boutique.
  3053 | D:4      | Reached *** piety under Makhleb
  3094 | D:4      | Found Fajiacaq's Antique Armour Boutique.
  3170 | D:4      | HP: 2/49 [something (4)]
  3177 | D:4      | Slain by an orc wizard

Illustrated notes

Levels and vault maps discovered:
D:1:      saegor_arrival_miasma, layout_basic,
          hellmonk_ecumenical_altar_crossroads
D:2:      layout_basic
D:3:      layout_basic, lemuel_tele_altar, gup_sewer_entry_bubbles,
          nicolae_elevator_lobby_asterisk, uniq_sigmund
D:4:      layout_loops_ring, minitemple, mainiacjoe_overflow_alcove_1,
          serial_shops, nicolae_shop_temple_entry_statues_fountains,
          nicolae_shop_back_alley_shop, shop, shop

Skill      XL: |  1  2  3  4  5  6 |
---------------+-------------------+-----
Fighting       | 3 4 |  4.5
Dodging        | 3 |  3.0
Unarmed Combat | 4 5 |  5.1
Shapeshifting  | 4 |  4.7
Invocations    | |  0.3

Action                     |  1- 3 |  4- 6 || total
---------------------------+-------+-------++-------
  Melee: Unarmed           |    95 |   134 ||   229
         Punch             |     3 |     7 ||    10
Ability: Hop               |       |     1 ||     1
  Evoke: Wand              |     2 |     2 ||     4
    Use: Scroll            |       |     5 ||     5
   Stab: Sleeping          |     2 |     2 ||     4
 Armour: Animal skin       |    12 |       ||    12
         Robe              |    13 |    19 ||    32
  Dodge: Dodged            |    64 |    85 ||   149

Table legend: (Time is in decaauts)
 A = Elapsed time spent in this place.
 B = Non-inter-level travel time spent in this place.
 C = Inter-level travel time spent in this place.
 D = Time resting spent in this place.
 E = Time spent auto-exploring this place.
 F = Levels seen in this place.
 G = Mean time per level.
                   A        B        C        D        E       F      G
               +--------+--------+--------+--------+--------+-----+--------+
         Total |   3602 |   3544 |     58 |    321 |   2108 |   5 |  720.4 |
       Dungeon |   2727 |   2669 |     58 |     23 |   1900 |   4 |  681.8 |
         Sewer |    875 |    875 |      0 |    298 |    207 |   1 |  875.0 |
               +--------+--------+--------+--------+--------+-----+--------+

Top non-repeatable levels by time:
     D:2: 1025 daAuts
     D:3: 883 daAuts
   Sewer: 875 daAuts
     D:1: 631 daAuts
     D:4: 186 daAuts
